 Dungeon Crawl Stone Soup version 0.25-a0-164-gb55e97dba5 (webtiles) character file.

Game seed: 5900756490907897384, levelgen mode: deterministic

28 mortelune the Firebug (level 2, -1/19 HPs)
             Began as a Demonspawn Fire Elementalist on Nov 22, 2019.
             Slain by a kobold
             ... wielding a +0 short sword
              (4 damage)
             ... on level 2 of the Dungeon.
             The game lasted 00:03:56 (1826 turns).

mortelune the Firebug (DsFE)                        Turns: 1826, Time: 00:03:56

Health: -1/19      AC:  2    Str:  8    XL:     2   Next: 96%
Magic:  1/5        EV: 12    Int: 16    God:
Gold:   95         SH:  0    Dex: 13    Spells: 2/5 levels left

rFire    . . .     SeeInvis .   f - +0 mace
rCold    . . .     Gourm    .   (no shield)
rNeg     . . .     Faith    .   a - +0 robe
rPois    .         Spirit   .   (no helmet)
rElec    .         Reflect  .   (no cloak)
rCorr    .         Harm     .   (no gloves)
MR       .....                  (no boots)
Stlth    ++........             (no amulet)
HPRegen  0.06/turn              (no ring)
MPRegen  0.09/turn              (no ring)

@: no status effects
A: claws 1
a: no special abilities


You were on level 2 of the Dungeon.
You were not hungry.

You visited 1 branch of the dungeon, and saw 2 of its levels.

You collected 95 gold pieces.

Inventory:

Hand Weapons
 f - a +0 mace (weapon)
Armour
 a - a +0 robe (worn)
Scrolls
 b - 4 scrolls of identify
 e - a scroll of enchant weapon
Potions
 d - a potion of curing {unknown}
 g - a potion of mutation {unknown}
Comestibles
 c - a ration


   Skills:
 + Level 2.1 Dodging
 - Level 1.7 Stealth
 + Level 2.2 Spellcasting
 * Level 1.7 Conjurations
 * Level 3.1 Fire Magic


You had 2 spell levels left.
You knew the following spells:

 Your Spells              Type           Power        Failure   Level  Hunger
a - Flame Tongue          Conj/Fire      #....        8%          1    #......
b - Throw Flame           Conj/Fire      #.....       11%         2    ###....

Your spell library contained the following spells:

 Spells                   Type           Power        Failure   Level  Hunger
 Conjure Flame            Conj/Fire      #.......     22%         3    ###....
 Inner Flame              Hex/Fire       #.......     32%         3    ###....
 Sticky Flame             Conj/Fire      #.......     58%         4    #####..
 Fireball                 Conj/Fire      #.........   90%         5    ######.


Dungeon Overview and Level Annotations

Branches:
Dungeon (2/15)

Altars:


Innate Abilities, Weirdness & Mutations

You have sharp fingernails.


Message History

Found 4 gold pieces.
You hit the ooze.
The ooze is moderately wounded.
The ooze closely misses you.
You hit the ooze.
The ooze is almost dead.
The ooze barely misses you. The hobgoblin hits you. The ooze hits you.
The hobgoblin barely misses you.
Okay, then.
The hobgoblin hits you but does no damage.
A kobold comes into view. It is wielding a +0 short sword.
The kobold shouts!
You hear a bark!
A rat comes into view.
The hobgoblin hits you.
Something bites the withered plant but does no damage.
The kobold hits you with a +0 short sword.
* * * LOW HITPOINT WARNING * * *
A jackal comes into view. x2
The kobold hits you with a +0 short sword.
You die...

#.##.# ###. #.#..#
.P8.# ###.#.##
.....######..<...#
.8.......####.#..##
hP.......+..#.....##
.........##.##.....#
..$......+.........####
.......@K##....PP......
.........####.#.P.P###
.......gJ##...#<.###
.........##.###..###
.........##.#.......
..#.#....w#......### .
#.....#.#......#
###.#.#.#...8..#
#........P.....#


You could see a worm, an ooze, a jackal, a hobgoblin and a kobold.

Vanquished Creatures
  An ooze (D:1)
  2 leopard geckos (D:1)
  2 bats
  A goblin (D:1)
  A hobgoblin (D:1)
  5 jackals (D:1)
  2 kobolds (D:1)
  5 frilled lizards (D:1)
  2 rats
21 creatures vanquished.

Vanquished Creatures (others)
  A jackal (D:2)
  2 rats (D:2)
3 creatures vanquished.

Grand Total: 24 creatures vanquished

Notes
Turn   | Place    | Note
-------+----------+-------------------------------------------
     0 | D:1      | mortelune the Demonspawn Fire Elementalist began the quest
                  | for the Orb.
     0 | D:1      | Reached XP level 1. HP: 13/13 MP: 3/3
   362 | D:1      | Gained mutation: You have sharp fingernails. [demonic
                  | ancestry]
   362 | D:1      | Reached XP level 2. HP: 19/19 MP: 3/5
   366 | D:1      | Learned a level 2 spell: Throw Flame
   547 | D:1      | Reached skill level 3 in Fire Magic
  1826 | D:2      | Slain by a kobold

Levels and vault maps discovered:
D:1:      scummos_arrival_hexagon, layout_rooms, serial_park_tiny_pond,
          minmay_pentomino_u2
D:2:      layout_basic, cheibriados_altar_1, elyvilon_altar_4, serial_undead,
          serial_undead_b, serial_undead_f, serial_undead_f, serial_undead_c,
          serial_undead_e, serial_undead_f, serial_undead_c,
          minmay_misc_feat_doors

Skill      XL: |  1  2 |
---------------+-------+-----
Dodging        | 2 |  2.1
Fire Magic     | 3 |  3.1
Stealth        | |  1.7
Spellcasting   | |  2.2
Conjurations   | |  1.7

Action                   || total
-------------------------++-------
Melee: Unarmed           ||    30
       Mace              ||     8
 Cast: Flame Tongue      ||    32
       Throw Flame       ||     6
  Use: Potion            ||     3
       Scroll            ||     2
  Eat: Ration            ||     1
       Chunk             ||     1
Armor: Robe              ||    15
Dodge: Dodged            ||    75

Table legend:
 A = Non-vault XP
 B = Vault XP
 C = Vault XP percentage of total XP
 D = Non-vault monster count
 E = Vault monster count
 F = Vault count percentage of total count
                 A         B        C        D         E       F
            +---------+---------+-------+---------+---------+-------
      Total |      37 |       3 |   7.5 |      19 |       2 |   9.5
            +---------+---------+-------+---------+---------+-------
        D:1 |      35 |       3 |   7.9 |      17 |       2 |  10.5
        D:2 |       2 |       0 |   0.0 |       2 |       0 |   0.0
            +---------+---------+-------+---------+---------+-------
